[Event "Titled Tuesday Blitz June 27 Early 2023"]
[White "Xu, Yi"]
[Black "Delorme, Axel"]
[WhiteFideId "8605564"]
[BlackFideId "632023"]
[WhiteElo "2731"]
[BlackElo "2552"]
[Result "1-0"]
[Round "10"]
[TimeControl "180+2"]
[Date "2023.06.27"]
[WhiteClock "0:00:13"]
[BlackClock "0:00:06"]
[Board "53"]

1. e4 c5 2. Nf3 d6 3. d4 cxd4 4. Nxd4 Nf6 5. Nc3 Bd7 6. Bg5 e6 7. f4 Nc6 8. Qd2 h6 9. Bh4 Nxe4 10. Nxe4 Qxh4+ 11. g3 Qd8 12. Bg2 d5 13. Nc3 Bb4 14. a3 Bxc3 15. Qxc3 Nxd4 16. Qxd4 O-O 17. O-O-O Qb6 18. Qxb6 axb6 19. Rd4 Rfc8 20. Rb4 b5 21. Bf1 Rc5 22. Bd3 Ra4 23. Kd2 Rxb4 24. axb4 Rc7 25. Ra1 Kf8 26. Ra8+ Ke7 27. Ke3 f6 28. c3 e5 29. h4 Bc6 30. h5 Kd6 31. Bg6 Re7 32. Rd8+ Kc7 33. Rg8 Bd7 34. Kd2 Be6 35. Rf8 Rd7 36. Re8 Kd6 37. Ke3 Bf7 38. Rf8 Bxg6 39. hxg6 Re7 40. f5 Rc7 41. g4 Re7 42. Kd3 Rc7 43. Rd8+ Rd7 44. Rc8 Rc7 45. Rb8 Kc6 46. Rf8 Kd6 47. Rg8 Rd7 48. Ke3 Re7 49. Kd3 e4+ 50. Ke3 Kc6 51. Rd8 Rc7 52. Re8 Rd7 53. Re6+ Kc7 54. Kd4 Kd8 55. Rb6 Kc7 56. Rxb5 Re7 57. Ke3 Kc6 58. Rc5+ Kd6 59. c4 d4+ 60. Ke2 e3 61. Rd5+ Kc6 62. Rxd4 b5 63. cxb5+ Kxb5 64. Rd3 Kxb4 65. Rxe3 Rxe3+ 66. Kxe3 Kb3 67. Kd4 Kxb2 68. Kd5 Kc3 69. Ke6 Kd3 70. Kf7 Ke4 71. Kxg7 Kf4 72. Kxh6 Kxg4 73. g7 Kxf5 74. g8=Q 1-0


[Site "https://www.chess.com"]

[Event "Titled Tuesday Blitz June 27 Early 2023"]
[White "Turzo, Attila"]
[Black "Panesar Vedant"]
[WhiteFideId "704954"]
[BlackFideId "35033018"]
[WhiteElo "2548"]
[BlackElo "2726"]
[Result "0-1"]
[Round "10"]
[TimeControl "180+2"]
[Date "2023.06.27"]
[WhiteClock "0:00:05"]
[BlackClock "0:00:13"]
[Board "54"]

1. d4 Nf6 2. c4 g6 3. g3 Bg7 4. Bg2 O-O 5. Nf3 d6 6. O-O Nc6 7. Nc3 e5 8. dxe5 dxe5 9. Qxd8 Rxd8 10. Bg5 Be6 11. Nd2 h6 12. Bxf6 Rxd2 13. Bxg7 Kxg7 14. Bxc6 bxc6 15. b3 Rad8 16. Rfd1 f5 17. Kf1 R8d6 18. Rxd2 Rxd2 19. Rc1 Kf6 20. Ke1 Rd6 21. h4 e4 22. e3 g5 23. hxg5+ hxg5 24. Na4 Bf7 25. Rd1 Bh5 26. Rd2 Bf3 27. c5 Rxd2 28. Kxd2 Ke5 29. b4 Bh5 30. Nc3 Bf7 31. a3 Bc4 32. Na4 f4 33. gxf4+ gxf4 34. Nb2 Bd5 35. Kc3 f3 36. Nc4+ Kf5 37. Nd2 Kg4 38. Kd4 Kh3 39. b5 Kg2 40. a4 Kxf2 41. a5 Ke2 42. b6 cxb6 43. cxb6 Kxd2 44. bxa7 f2 45. Kc5 f1=Q 46. a8=Q Qb5+ 47. Kd6 Qb4+ 48. Ke5 Kxe3 49. Qa7+ Kd3 50. a6 Qc3+ 51. Kf4 Qd4 52. Qb7 e3+ 53. Kg5 e2 54. a7 e1=Q 55. a8=Q Qee5+ 0-1


[Site "https://www.chess.com"]

[Event "Titled Tuesday Blitz June 27 Early 2023"]
[White "Yaksin, Oleg"]
[Black "Yuan, Qingyu"]
[WhiteFideId "24105880"]
[BlackFideId "8609772"]
[WhiteElo "2547"]
[BlackElo "2712"]
[Result "0-1"]
[Round "10"]
[TimeControl "180+2"]
[Date "2023.06.27"]
[WhiteClock "0:00:00"]
[BlackClock "0:00:03"]
[Board "55"]

1. d4 Nf6 2. c4 e6 3. g3 d5 4. Nf3 dxc4 5. Bg2 c5 6. O-O Nc6 7. Ne5 Bd7 8. Na3 cxd4 9. Naxc4 Be7 10. Qb3 Qc7 11. Bf4 Nh5 12. Nxc6 Nxf4 13. Nxe7 Nxg2 14. Kxg2 Qc5 15. Rac1 Kxe7 16. Kg1 Bc6 17. Rfd1 Rhd8 18. Qd3 g6 19. a3 Rac8 20. Qd2 Qd5 21. f3 Kf8 22. Qh6+ Kg8 23. Nd2 Qe5 24. Nc4 Qxe2 25. Rf1 Bxf3 26. Rf2 Rxc4 27. Rxe2 Bxe2 28. Rxc4 Bxc4 29. Qg5 Rd5 30. Qf4 d3 31. Qd2 a5 32. Kf2 a4 33. Kf3 b5 34. Ke4 Kg7 35. h4 f6 36. Kf4 Re5 37. Kf3 Re2 38. Qc3 d2 39. Qd4 Bb3 40. Qd7+ Kh6 0-1


[Site "https://www.chess.com"]

[Event "Titled Tuesday Blitz June 27 Early 2023"]
[White "Adla, Diego"]
[Black "Klekowski, Maciej"]
[WhiteFideId "100072"]
[BlackFideId "1132717"]
[WhiteElo "2544"]
[BlackElo "2707"]
[Result "1-0"]
[Round "10"]
[TimeControl "180+2"]
[Date "2023.06.27"]
[WhiteClock "0:01:18"]
[BlackClock "0:00:00"]
[Board "56"]

1. c4 Nf6 2. Nc3 e6 3. e4 d6 4. d4 Be7 5. Bd3 O-O 6. Nf3 Nc6 7. d5 Ne5 8. Nxe5 dxe5 9. O-O exd5 10. exd5 Bg4 11. Qc2 Bh5 12. f4 exf4 13. Bxf4 Bg6 14. Bxg6 hxg6 15. h3 a6 16. Rae1 Bc5+ 17. Kh1 Nh5 18. Bh2 Bd6 19. Ne4 Bxh2 20. Kxh2 Qd7 21. g4 f5 22. gxh5 fxe4 23. Qxe4 gxh5 24. Kg2 Rxf1 25. Rxf1 Re8 26. Qf3 Re5 27. Qf8+ Kh7 28. Rf2 Rg5+ 29. Kh2 c6 30. d6 Qe6 31. Qf4 Re5 32. d7 Re3 33. d8=Q Qxh3+ 34. Kg1 1-0


[Site "https://www.chess.com"]

[Event "Titled Tuesday Blitz June 27 Early 2023"]
[White "Arhan_Anand"]
[Black "Vyatkin, Dmitry"]
[BlackFideId "4171900"]
[WhiteElo "2692"]
[BlackElo "2513"]
[Result "0-1"]
[Round "10"]
[TimeControl "180+2"]
[Date "2023.06.27"]
[WhiteClock "0:00:12"]
[BlackClock "0:00:08"]
[Board "57"]

1. d4 Nf6 2. c4 g6 3. Nc3 Bg7 4. e4 O-O 5. Be2 c5 6. d5 d6 7. Be3 e6 8. dxe6 Bxe6 9. Qd2 Nc6 10. Nf3 Ng4 11. Bg5 Qb6 12. O-O Nge5 13. Nxe5 Bxe5 14. f4 Bd4+ 15. Kh1 Qb4 16. a3 Qb3 17. Nd5 Bxd5 18. cxd5 Be3 19. Qc3 Nd4 20. Bc4 Qxc3 21. bxc3 b5 22. Ba2 Nc2 23. Rad1 Nxa3 24. Rf3 f6 25. Bh6 Rfe8 26. Rxe3 a5 27. e5 b4 28. cxb4 axb4 29. Ree1 Nc2 30. Re2 Rxa2 31. Red2 b3 32. exd6 Ra7 33. h4 c4 34. f5 Rd7 35. fxg6 hxg6 36. h5 g5 37. Rxc2 bxc2 38. Rc1 Re2 39. Kg1 Rd2 40. Kf1 Rd1+ 41. Ke2 Rxc1 42. Kd2 Rd1+ 43. Kxc2 Rxd5 44. g4 Rh7 45. d7 Rdxd7 46. Bxg5 fxg5 47. Kc3 Rc7 48. Kc2 Rhd7 0-1


[Site "https://www.chess.com"]

[Event "Titled Tuesday Blitz June 27 Early 2023"]
[White "Goryachkina, Aleksandra"]
[Black "Ritvin, Stanislav"]
[WhiteFideId "4147103"]
[BlackFideId "2011751"]
[WhiteElo "2681"]
[BlackElo "2513"]
[Result "1-0"]
[Round "10"]
[TimeControl "180+2"]
[Date "2023.06.27"]
[WhiteClock "0:00:17"]
[BlackClock "0:00:00"]
[Board "58"]

1. e4 e5 2. Nf3 Nc6 3. Bc4 Bc5 4. c3 Nf6 5. d3 d6 6. Nbd2 a6 7. a4 h6 8. h3 Ba7 9. Nf1 Ne7 10. Ng3 Ng6 11. d4 O-O 12. O-O Re8 13. Re1 c6 14. Bb3 Be6 15. Bc2 Qc7 16. Be3 b5 17. Qd2 Bb6 18. Nf5 exd4 19. N3xd4 Bd7 20. Bxh6 Bxd4 21. cxd4 Nh5 22. Be3 Nf6 23. Ng3 c5 24. dxc5 dxc5 25. Bg5 Nh7 26. Rad1 Bc6 27. Be3 c4 28. f4 Qb7 29. Qf2 Nf6 30. e5 Nd5 31. Bc1 Nb4 32. Bb1 Rad8 33. Nh5 Nd3 34. Bxd3 cxd3 35. Qg3 bxa4 36. f5 d2 37. Bxd2 1-0


[Site "https://www.chess.com"]

[Event "Titled Tuesday Blitz June 27 Early 2023"]
[White "Sahib Singh"]
[Black "Sebag, Marie"]
[WhiteFideId "25618342"]
[BlackFideId "617822"]
[WhiteElo "2651"]
[BlackElo "2572"]
[Result "0-1"]
[Round "10"]
[TimeControl "180+2"]
[Date "2023.06.27"]
[WhiteClock "0:00:00"]
[BlackClock "0:00:08"]
[Board "59"]

1. e4 c6 2. Nf3 d5 3. Nc3 dxe4 4. Nxe4 Nd7 5. Bc4 Ngf6 6. Qe2 Nxe4 7. Qxe4 Nf6 8. Ne5 e6 9. Qe2 b5 10. Bb3 Bd6 11. d4 Qc7 12. Bg5 Bb7 13. O-O-O Nd5 14. Bxd5 Bxe5 15. Qxe5 Qxe5 16. Bxc6+ Bxc6 17. dxe5 Bxg2 18. Rhg1 Bd5 19. h4 Rc8 20. a3 a6 21. h5 Kd7 22. h6 gxh6 23. Bxh6 Rhg8 24. Bg5 Rg6 25. Rg3 Rcg8 26. Rdg1 h5 27. f4 Rh8 28. Rh3 Rgg8 29. Rd1 Rh7 30. Rd2 Rc8 31. b3 a5 32. Rd4 Rhh8 33. Kb2 Rc6 34. Bf6 Rh7 35. f5 Kc7 36. Rh2 Kb7 37. fxe6 fxe6 38. Rdh4 Bf3 39. R2h3 Be4 40. Rxe4 Rhc7 41. Rc3 Rxc3 42. Re2 Rf3 43. Rh2 Rh7 44. Rh4 Rf5 45. a4 b4 46. Rh2 Rf4 47. Rh3 h4 48. c3 Rf2+ 49. Kc1 bxc3 50. Rxc3 h3 0-1


[Site "https://www.chess.com"]

[Event "Titled Tuesday Blitz June 27 Early 2023"]
[White "Jovic, Stanoje"]
[Black "Al-Tarboush, Ward"]
[WhiteFideId "905020"]
[BlackFideId "7601450"]
[WhiteElo "2494"]
[BlackElo "2627"]
[Result "1-0"]
[Round "10"]
[TimeControl "180+2"]
[Date "2023.06.27"]
[WhiteClock "0:00:26"]
[BlackClock "0:00:13"]
[Board "60"]

1. c4 c5 2. g3 Nc6 3. Bg2 g6 4. Nc3 Bg7 5. Nf3 Nh6 6. h4 Nf5 7. h5 d6 8. d3 Be6 9. h6 Bxc3+ 10. bxc3 Qa5 11. Bd2 O-O-O 12. e4 Nxh6 13. Rxh6 f5 14. Ng5 Bd7 15. Nf7 Ne5 16. Nxe5 dxe5 17. Qb3 Ba4 18. Qa3 Rxd3 19. exf5 Rhd8 20. Bd5 e4 21. Rxh7 e3 22. fxe3 Qc7 23. Ke2 R8xd5 24. cxd5 Bb5 25. Kd1 Qxg3 26. Qxc5+ Bc6 27. dxc6 Qf3+ 28. Kc1 Qf1+ 29. Kc2 Rxd2+ 30. Kxd2 Qf2+ 31. Kd3 b6 32. Rh8+ Kc7 33. Qxe7+ Kxc6 34. Rc8+ Kb5 35. Rb1+ Ka6 36. Rxb6+ axb6 37. Ra8+ Kb5 38. Qd7+ Kc5 39. Rc8# 1-0


[Site "https://www.chess.com"]

[Event "Titled Tuesday Blitz June 27 Early 2023"]
[White "Sowul, Bartosz"]
[Black "Reprintsev, Alexander"]
[WhiteFideId "1137590"]
[BlackFideId "14100541"]
[WhiteElo "2598"]
[BlackElo "2481"]
[Result "1-0"]
[Round "10"]
[TimeControl "180+2"]
[Date "2023.06.27"]
[WhiteClock "0:00:15"]
[BlackClock "0:00:09"]
[Board "61"]

1. e4 e5 2. Nf3 Nc6 3. Bb5 Bc5 4. c3 f5 5. d4 fxe4 6. Bxc6 dxc6 7. Nxe5 Bd6 8. Qh5+ g6 9. Qe2 Qh4 10. Nd2 Bxe5 11. dxe5 Bf5 12. h3 O-O-O 13. g4 Be6 14. Nxe4 h6 15. Bf4 Qe7 16. Rd1 Bd5 17. Rd4 c5 18. Rd2 Bxa2 19. Rxd8+ Qxd8 20. O-O Ne7 21. Nxc5 Qd5 22. b4 Bc4 23. Qd1 Bxf1 24. Qxf1 g5 25. Bg3 h5 26. gxh5 Nf5 27. Qe2 Nh4 28. Bxh4 gxh4 29. Qg4+ Kb8 30. e6 Qd8 31. Kh2 Rg8 32. Qf4 Qd6 33. Nd7+ Kc8 34. Qxd6 cxd6 35. Nf6 Rh8 36. e7 b6 37. h6 a5 38. bxa5 bxa5 39. e8=Q+ Rxe8 40. Nxe8 a4 41. h7 a3 42. h8=Q a2 43. c4 1-0


[Site "https://www.chess.com"]

[Event "Titled Tuesday Blitz June 27 Early 2023"]
[White "Nozdrachev, Leonid"]
[Black "TomLiu777"]
[WhiteFideId "24113433"]
[WhiteElo "2584"]
[BlackElo "2449"]
[Result "1-0"]
[Round "10"]
[TimeControl "180+2"]
[Date "2023.06.27"]
[WhiteClock "0:00:43"]
[BlackClock "0:00:00"]
[Board "62"]

1. e4 e6 2. d4 d5 3. exd5 exd5 4. Nf3 Nf6 5. Bd3 c5 6. O-O c4 7. Be2 Bd6 8. b3 cxb3 9. axb3 O-O 10. Bg5 h6 11. Bh4 Nc6 12. c4 g5 13. Bg3 Bxg3 14. fxg3 Be6 15. Nc3 Kg7 16. Ne5 dxc4 17. Nxc6 bxc6 18. bxc4 Qd6 19. Rxf6 Qb4 20. Rf3 Rfd8 21. d5 Qc5+ 22. Kh1 cxd5 23. cxd5 Bxd5 24. Rd3 a5 25. Nxd5 a4 26. Qd2 a3 27. Qc3+ Qxc3 28. Rxc3 Rxd5 29. Bf3 Rda5 30. Bxa8 Rxa8 31. Rcxa3 Rb8 32. h3 Rb7 33. g4 Rd7 34. Kh2 Re7 35. Ra7 Re6 36. Rf1 Kg6 37. Raxf7 h5 38. R7f6+ Rxf6 39. gxh5+ Kf7 40. Rxf6+ Kxf6 41. Kg3 1-0


[Site "https://www.chess.com"]

[Event "Titled Tuesday Blitz June 27 Early 2023"]
[White "Zavgorodniy, Sergiy"]
[Black "Mrudul Dehankar"]
[WhiteFideId "14110148"]
[BlackFideId "25096990"]
[WhiteElo "2583"]
[BlackElo "2441"]
[Result "1-0"]
[Round "10"]
[TimeControl "180+2"]
[Date "2023.06.27"]
[WhiteClock "0:01:04"]
[BlackClock "0:00:01"]
[Board "63"]

1. d4 Nf6 2. c4 e6 3. Nf3 Bb4+ 4. Nbd2 b6 5. g3 Bb7 6. Bg2 O-O 7. O-O Bxd2 8. Qxd2 d6 9. b3 Nbd7 10. Bb2 Re8 11. Rac1 Be4 12. Rfd1 Qe7 13. Ne1 Bxg2 14. Nxg2 Rad8 15. Nf4 c6 16. Qc2 e5 17. dxe5 dxe5 18. Ng2 Nc5 19. Ne3 Nfe4 20. Rxd8 Rxd8 21. b4 Qf6 22. Rf1 Rd2 23. Qb1 Na4 24. Qxe4 Nxb2 25. Ng4 Qe6 26. Nxe5 f6 27. Qe3 Rd8 28. Nd3 Qxe3 29. fxe3 Nxc4 30. Rc1 Nxe3 31. Rxc6 Rd7 32. Kf2 Nd5 33. Kf3 Kf7 34. b5 Ne7 35. Rc4 Nf5 36. a4 Nd4+ 37. Kf2 Nf5 38. g4 Nd6 39. Rc6 Ne4+ 40. Ke3 Re7 41. Kf3 Ng5+ 42. Kf2 Ne4+ 43. Ke1 Ng5 44. Kf1 Ne4 45. Nf4 Ng5 46. Nd5 Rd7 47. Nf4 Ne4 48. Kg2 Nd2 49. h3 Nb3 50. e3 Nc5 51. a5 Ne4 52. axb6 axb6 53. Rxb6 Nc3 54. Kf3 Re7 55. Rb8 g5 56. Nh5 Nd5 57. e4 Nc3 58. b6 Nxe4 59. b7 Nd2+ 60. Kf2 Ne4+ 61. Kg2 Nd6 62. Rf8+ Kxf8 63. b8=Q+ Ne8 64. Nxf6 1-0


[Site "https://www.chess.com"]

[Event "Titled Tuesday Blitz June 27 Early 2023"]
[White "Melikhov, Evgeny V."]
[Black "Aloma Vidal, Robert"]
[WhiteFideId "4122046"]
[BlackFideId "2260409"]
[WhiteElo "2395"]
[BlackElo "2577"]
[Result "0-1"]
[Round "10"]
[TimeControl "180+2"]
[Date "2023.06.27"]
[WhiteClock "0:00:56"]
[BlackClock "0:01:46"]
[Board "64"]

1. d4 d5 2. c4 c6 3. Nc3 Nf6 4. e3 e6 5. Nf3 Nbd7 6. Bd3 dxc4 7. Bxc4 b5 8. Bd3 b4 9. Ne4 c5 10. dxc5 Bxc5 11. Nxc5 Nxc5 12. Bb5+ Bd7 13. Bxd7+ Qxd7 14. Qxd7+ Nfxd7 15. Ke2 Ke7 16. b3 f6 17. Bb2 e5 18. Nd2 Nb6 19. a3 a5 20. axb4 axb4 21. Rhc1 Kd6 22. Nc4+ Nxc4 23. Rxc4 Rxa1 24. Bxa1 Ra8 25. Bxe5+ fxe5 26. Rxb4 Ra2+ 27. Kf3 Rxf2+ 28. Kxf2 Nd3+ 29. Kf3 Nxb4 30. Ke4 Ke6 31. h4 h5 32. Kf3 Kd5 33. g4 g6 34. gxh5 gxh5 35. Ke2 Ke4 36. Kd2 Nd5 37. Ke2 Nxe3 38. b4 Nf5 39. b5 Nd4+ 0-1


[Site "https://www.chess.com"]

[Event "Titled Tuesday Blitz June 27 Early 2023"]
[White "Marchesich, Giovanni"]
[Black "Ginzburg, Yakov"]
[WhiteFideId "2824790"]
[BlackFideId "4157176"]
[WhiteElo "2300"]
[BlackElo "2505"]
[Result "0-1"]
[Round "10"]
[TimeControl "180+2"]
[Date "2023.06.27"]
[WhiteClock "0:00:00"]
[BlackClock "0:00:16"]
[Board "65"]

1. d4 d5 2. Nc3 Nf6 3. Bf4 c5 4. e4 cxd4 5. Qxd4 Nc6 6. Bb5 a6 7. Bxc6+ bxc6 8. e5 Nd7 9. e6 Nf6 10. exf7+ Kxf7 11. Nf3 Bf5 12. O-O Rc8 13. Ne5+ Kg8 14. Na4 e6 15. Nc5 Ne4 16. b4 Nxc5 17. bxc5 Qe7 18. Be3 g6 19. g4 Bxc2 20. Rfc1 Be4 21. f3 Bg7 22. fxe4 Qf6 23. Nxc6 Rxc6 24. Qxf6 Bxf6 25. Rab1 d4 26. Bh6 Kf7 27. Rb7+ Ke8 28. Rb8+ Kd7 29. Rb7+ Kc8 30. Rf7 Be5 31. Bg7 Bxg7 32. Rxg7 Rf8 33. Rxh7 Rf4 34. h3 Rxe4 35. Rf1 Kb8 36. Rf8+ Rc8 37. Rxc8+ Kxc8 38. Re7 d3 39. c6 Rd4 0-1


[Site "https://www.chess.com"]

[Event "Titled Tuesday Blitz June 27 Early 2023"]
[White "Sevian, Samuel"]
[Black "Tologon tegin, Semetei"]
[WhiteFideId "2040506"]
[BlackFideId "13800574"]
[WhiteElo "3015"]
[BlackElo "2536"]
[Result "1-0"]
[Round "10"]
[TimeControl "180+2"]
[Date "2023.06.27"]
[WhiteClock "0:00:05"]
[BlackClock "0:00:02"]
[Board "66"]

1. e4 e6 2. d4 b6 3. Nc3 Bb7 4. Bd3 Bb4 5. Ne2 Nf6 6. O-O d5 7. e5 Nfd7 8. Ng3 g6 9. f4 Be7 10. f5 exf5 11. Bxf5 gxf5 12. Nxf5 Rg8 13. Qh5 Nf8 14. Nh6 Rg6 15. Nxf7 Qd7 16. e6 Qxe6 17. Bg5 Bxg5 18. Nxg5 Qe3+ 19. Kh1 Qxg5 20. Rae1+ Kd7 21. Qh3+ Ne6 22. Rf7+ Kd6 23. Nb5+ Kc6 24. a4 Bc8 25. Qxe6+ Kb7 26. Rxc7+ Ka6 27. Qxc8+ Ka5 28. Qh3 Na6 29. Rxh7 Nb4 30. c3 Nd3 31. b4+ Kxa4 32. Ra1+ Kxb5 33. Qxd3+ Kc6 34. b5+ Kd6 35. Rg1 Re8 36. Rf7 Re3 37. Qd2 Rh6 38. g3 Qh5 39. Qg2 Re2 40. Rf2 Rhe6 41. Rgf1 Rxf2 42. Qxf2 Rh6 43. Qf8+ Ke6 44. Re1+ Kd7 45. Re7+ Kd6 46. Qd8# 1-0


[Site "https://www.chess.com"]

[Event "Titled Tuesday Blitz June 27 Early 2023"]
[White "Howell, David W L"]
[Black "Shubenkova, Veronika"]
[WhiteFideId "410608"]
[BlackFideId "44124040"]
[WhiteElo "3000"]
[BlackElo "2505"]
[Result "1-0"]
[Round "10"]
[TimeControl "180+2"]
[Date "2023.06.27"]
[WhiteClock "0:01:01"]
[BlackClock "0:01:13"]
[Board "67"]

1. e4 e6 2. d4 d5 3. Nc3 Nf6 4. e5 Nfd7 5. Nce2 c5 6. c3 Nc6 7. f4 Be7 8. Nf3 a6 9. h4 b5 10. h5 h6 11. Be3 Qb6 12. Qd2 Bb7 13. Ng3 cxd4 14. Nxd4 Nxd4 15. Bxd4 Bc5 16. Be2 Bxd4 17. Qxd4 Qxd4 18. cxd4 Nb6 19. b3 Kd7 20. Rh4 f5 21. Nh1 Ke7 22. g4 Rhf8 23. Nf2 Rac8 24. Kd2 Nd7 25. Rg1 Rc7 26. gxf5 Rfc8 27. Rxg7+ Kf8 28. f6 Rc2+ 29. Ke3 R8c3+ 30. Nd3 Rxa2 31. Rhg4 Rcc2 32. Rg8+ Kf7 33. R4g7# 1-0


[Site "https://www.chess.com"]

[Event "Titled Tuesday Blitz June 27 Early 2023"]
[White "Liu, Xiangyi"]
[Black "Shuvalov, Evgenij"]
[WhiteFideId "8605718"]
[BlackFideId "4187237"]
[WhiteElo "2717"]
[BlackElo "2503"]
[Result "1-0"]
[Round "10"]
[TimeControl "180+2"]
[Date "2023.06.27"]
[WhiteClock "0:00:22"]
[BlackClock "0:00:09"]
[Board "68"]

1. b3 d5 2. Bb2 Nf6 3. f4 Bg4 4. h3 Bf5 5. g4 Bc8 6. Nf3 h5 7. g5 Ne4 8. Rg1 h4 9. Bg2 e6 10. e3 c5 11. d3 Ng3 12. Nbd2 Nc6 13. Kf2 Nf5 14. e4 Nfd4 15. Nxd4 cxd4 16. exd5 exd5 17. Re1+ Be7 18. Qf3 Kf8 19. Re2 Bf5 20. Rae1 Bb4 21. a3 Bc3 22. Bxc3 dxc3 23. Nb1 Qb6+ 24. Qe3 Qxe3+ 25. Rxe3 d4 26. R3e2 g6 27. b4 a6 28. Bxc6 bxc6 29. Kg2 a5 30. bxa5 Rxa5 31. Re5 Ra8 32. Rc5 Rb8 33. Nxc3 dxc3 34. Rxc3 Bd7 35. a4 Kg7 36. Re7 Be6 37. Rc5 Bd5+ 38. Kf2 Rb2 39. Ke3 Ra8 40. c4 Bg2 41. f5 gxf5 42. Rxf5 Rf8 43. Rf4 Bxh3 44. Rxh4 Bf5 45. Rf4 Bg6 46. Rf6 Ra2 47. Rxc6 Rxa4 48. d4 Ra3+ 49. Kf4 Rh8 50. Ke5 Rh4 51. d5 Re4+ 52. Kd6 Rxe7 53. Kxe7 Rg3 54. d6 Rxg5 55. d7 Re5+ 56. Kd8 Bf5 57. Kc7 Re7 58. Rd6 Be6 59. c5 f5 60. Rxe6 Rxe6 61. d8=Q Rf6 62. c6 f4 63. Qd2 f3 64. Qf2 Kg6 65. Kb7 Kg5 66. c7 Rf7 67. Kb8 Rf8+ 68. c8=Q Rxc8+ 69. Kxc8 Kf4 70. Kd7 Ke4 71. Kd6 1-0


[Site "https://www.chess.com"]

[Event "Titled Tuesday Blitz June 27 Early 2023"]
[White "Kovalevsky, Stanislav"]
[Black "Cherniaiev, Tykhon"]
[WhiteFideId "13508598"]
[BlackFideId "14182360"]
[WhiteElo "2485"]
[BlackElo "2688"]
[Result "0-1"]
[Round "10"]
[TimeControl "180+2"]
[Date "2023.06.27"]
[WhiteClock "0:00:01"]
[BlackClock "0:00:10"]
[Board "69"]

1. c4 e5 2. Nc3 Nf6 3. g3 d5 4. cxd5 Nxd5 5. Bg2 Nb6 6. e3 Nc6 7. Nge2 Be7 8. O-O O-O 9. f4 a5 10. h3 Re8 11. fxe5 Nxe5 12. d4 Ng6 13. e4 c5 14. d5 Bf6 15. Nf4 Bd4+ 16. Kh2 Nc4 17. Nxg6 hxg6 18. Nb5 Be5 19. Qf3 Qd7 20. a4 f6 21. Ra2 b6 22. b3 Nd6 23. Nxd6 Qxd6 24. Re1 Ba6 25. Bf1 Bb7 26. Bb5 Re7 27. Rf2 Rf8 28. Bf4 Bxf4 29. Qxf4 Re5 30. Qg4 g5 31. Rf5 Bc8 32. Rxe5 Bxg4 33. Re8 Rxe8 34. Bxe8 Bf3 35. Bc6 Qe5 36. Kg1 Qb2 37. Rf1 Qg2# 0-1


[Site "https://www.chess.com"]

[Event "Titled Tuesday Blitz June 27 Early 2023"]
[White "Baches Garcia, Guillermo"]
[Black "Mirzoev, Azer"]
[WhiteFideId "2209764"]
[BlackFideId "13400304"]
[WhiteElo "2497"]
[BlackElo "2672"]
[Result "0-1"]
[Round "10"]
[TimeControl "180+2"]
[Date "2023.06.27"]
[WhiteClock "0:00:00"]
[BlackClock "0:00:15"]
[Board "70"]

1. e4 c5 2. Nf3 e6 3. d4 cxd4 4. Nxd4 a6 5. c4 Nc6 6. Nc3 Nge7 7. Be3 g6 8. h4 h5 9. g4 hxg4 10. Qxg4 Bg7 11. O-O-O Qa5 12. Be2 Nxd4 13. Bxd4 Bxd4 14. Rxd4 Qc5 15. Rhd1 b5 16. Qg5 Qxg5+ 17. hxg5 Nc6 18. Rd6 bxc4 19. f4 Rh4 20. f5 Ne5 21. f6 Bb7 22. Bxc4 Nxc4 23. Rxd7 Bc6 24. Rc7 Ne5 25. Rd6 Bxe4 26. Nxe4 Rxe4 27. Re7+ Kf8 28. Rd1 Rc8+ 29. Kb1 Kg8 30. a3 Nf3 31. Rdd7 Nxg5 32. Ra7 Rf4 33. Rxa6 Rxf6 34. b4 Rf1+ 35. Kb2 Rf2+ 36. Kb3 Rf3+ 37. Ka4 Ne4 38. Raa7 Rcc3 39. Kb5 Rxa3 0-1


[Site "https://www.chess.com"]

[Event "Titled Tuesday Blitz June 27 Early 2023"]
[White "infinitypoint"]
[Black "Morgunov, Anatoly"]
[BlackFideId "4145909"]
[WhiteElo "2607"]
[BlackElo "2474"]
[Result "1/2-1/2"]
[Round "10"]
[TimeControl "180+2"]
[Date "2023.06.27"]
[WhiteClock "0:01:22"]
[BlackClock "0:00:04"]
[Board "71"]

1. d4 e6 2. c4 Nf6 3. Nc3 Bb4 4. Qc2 O-O 5. a3 Bxc3+ 6. Qxc3 d5 7. Bg5 h6 8. Bxf6 Qxf6 9. e3 c6 10. Nf3 Nd7 11. Bd3 b6 12. h4 Bb7 13. Ng5 g6 14. f4 c5 15. Nf3 cxd4 16. Qxd4 Qxd4 17. Nxd4 dxc4 18. Bxc4 Bxg2 19. Rg1 Bd5 20. Bxd5 exd5 21. f5 Ne5 22. Ke2 Rae8 23. b3 Kh7 24. Rac1 Rc8 25. Nb5 a6 26. Nd6 Rcd8 27. Nb7 Rd7 28. h5 Rxb7 29. hxg6+ fxg6 30. fxg6+ Nxg6 31. Rc6 Rg8 32. Rh1 Rgg7 33. Rh5 Rgd7 34. Kd3 Re7 35. Rd6 Red7 36. Rf6 b5 37. Rf1 Rd6 38. Kd4 Rc7 39. Rfh1 Nf8 40. Rf5 Ng6 41. Rfh5 Nf8 42. Rf5 Ng6 43. Rfh5 1/2-1/2


[Site "https://www.chess.com"]

[Event "Titled Tuesday Blitz June 27 Early 2023"]
[White "Niekras, Dawid"]
[Black "Zheenbekov, Nurgazy"]
[WhiteFideId "1160451"]
[BlackFideId "13800485"]
[WhiteElo "2596"]
[BlackElo "2459"]
[Result "1-0"]
[Round "10"]
[TimeControl "180+2"]
[Date "2023.06.27"]
[WhiteClock "0:01:50"]
[BlackClock "0:01:50"]
[Board "72"]

1. e4 e5 2. Nf3 Nc6 3. Bb5 a6 4. Ba4 Nf6 5. O-O Be7 6. Re1 b5 7. Bb3 d6 8. c3 O-O 9. h3 Nb8 10. d4 Nbd7 11. c4 bxc4 12. Bxc4 Bb7 13. Nc3 exd4 14. Nxd4 Ne5 15. Bb3 Ng6 16. Nf5 Re8 17. Bxf7+ Kxf7 18. Qb3+ d5 19. Qxb7 Bc5 20. Bg5 Bb6 21. Nxd5 Ne5 22. Bxf6 gxf6 23. Nxb6 Rb8 24. Qd5+ Qxd5 25. Nxd5 Rxb2 26. Nxc7 1-0


[Site "https://www.chess.com"]

[Event "Titled Tuesday Blitz June 27 Early 2023"]
[White "Koepke, Christian"]
[Black "robertoalejandro10"]
[WhiteFideId "4655737"]
[WhiteElo "2436"]
[BlackElo "2595"]
[Result "1/2-1/2"]
[Round "10"]
[TimeControl "180+2"]
[Date "2023.06.27"]
[WhiteClock "0:00:08"]
[BlackClock "0:00:07"]
[Board "73"]

1. c4 c5 2. Nf3 Nf6 3. d4 cxd4 4. Nxd4 Nc6 5. Nc3 g6 6. g3 Bg7 7. Bg2 O-O 8. O-O d6 9. e3 Bd7 10. b3 Nxd4 11. exd4 Bc6 12. d5 Bd7 13. Bb2 a6 14. a4 b5 15. cxb5 axb5 16. Nxb5 Bxb5 17. axb5 Qb6 18. Qd3 Rab8 19. Rfe1 Qxb5 20. Qxb5 Rxb5 21. Rxe7 Nxd5 22. Bxg7 Kxg7 23. Rd7 Nf6 24. Rxd6 Rxb3 25. h3 Re8 26. Rad1 Rb2 27. R6d2 Re2 28. Rxe2 Rxe2 29. Bf3 Re7 30. Kg2 Rd7 31. Ra1 Re7 32. h4 h5 33. Ra6 Rc7 34. Ra4 Nd7 35. Bd5 Nf6 36. Bb3 Ng4 37. Rf4 f5 38. Rc4 Rxc4 39. Bxc4 Kf6 40. Be2 Ne5 41. f4 Nf7 42. Kf2 Nd8 43. Ke3 Nf7 44. Bc4 Nd6 45. Bd5 Nb5 46. Kd3 Nd6 47. Bf3 Nb5 48. Kc4 Nd6+ 49. Kd5 Ne8 50. Kc6 Ng7 51. Bd5 Ke7 52. Bc4 Ne8 53. Kd5 Nf6+ 54. Kd4 Ng4 55. Be2 Nf6 56. Bf3 Nd7 57. Kd5 Kf6 58. Kd6 Nb6 59. Be2 Na4 60. Bd3 Nc3 61. Kc5 Nd1 62. Kd4 Nf2 63. Ke3 Ng4+ 64. Kf3 Nh2+ 65. Kg2 Ng4 66. Kf3 Nh2+ 67. Kg2 Ng4 68. Be2 Nh6 69. Kf3 Nf7 70. Ke3 Nd6 71. Kf3 Ne4 72. Bd3 Nc5 73. Bc4 Ne4 74. Bd3 Nc5 75. Bc4 Ne4 76. Bd3 1/2-1/2


[Site "https://www.chess.com"]